 Dungeon Crawl Stone Soup version 0.31-a0-532-g28f74ba3e5 (webtiles) character file.

Game seed: 11022127547802711829

4195 cforsyth the Prestidigitator (level 10, -1/68 HPs)
             Began as a Gnoll Artificer on Aug 13, 2023.
             Was a Believer of Hepliaklqana.
             Succumbed to Amaemon's poison
             ... on level 7 of the Dungeon.
             The game lasted 00:10:03 (6900 turns).

cforsyth the Prestidigitator (Gnoll Artificer)      Turns: 6900, Time: 00:10:04

Health: -1/68      AC: 14    Str: 11    XL:     10   Next: 29%
Magic:  17/17      EV:  4    Int: 15    God:    Hepliaklqana [**....]
Gold:   215        SH:  0    Dex: 19    Spells: 19/19 levels left

rFire   . . .        D - +6 shillelagh "Devastator" {shatter}
rCold   . . .        (no shield)
rNeg    . . .        I - +0 plate armour
rPois   .            v - +0 helmet
rElec   .            (no cloak)
rCorr   .            (no gloves)
SInv    .            (no boots)
Will    .....        y - amulet of magic regeneration Stlth
                     C - +6 ring of dexterity
HPRegen 0.31/turn    (no ring)
MPRegen 0.55/turn

%: no passive effects
@: lethally poisoned (-1 -> -50), hasted, very quick
A: reduced essence, fangs 1, strong nose, distributed training
a: Renounce Religion, Recall Ancestor, Ancestor Identity


You were on level 7 of the Dungeon.
You worshipped Hepliaklqana.
Hepliaklqana was pleased with you.
You visited 2 branches of the dungeon, and saw 9 of its levels.

You collected 354 gold pieces.
You spent 139 gold pieces at shops.

Inventory:

Hand Weapons
 a - a +0 club
 n - the +2 quarterstaff "Otaof" {vamp, *Noise rElec Will+ Dex+2}
   (You found it on level 2 of the Dungeon)

   Dex+2:     It affects your dexterity (+2).
   rElec:     It insulates you from electricity.
   Will+:     It increases your willpower.
   *Noise:    It may make a loud noise when swung.
 q - a +2 dagger of venom
 A - a +2 hand axe of flaming
 D - the +6 shillelagh "Devastator" (weapon) {shatter}
   (You found it on level 5 of the Dungeon)
 K - a +5 scimitar
Armour
 b - a +0 leather armour
 v - a +0 helmet (worn)
 I - a +0 plate armour (worn)
Jewellery
 y - an amulet of magic regeneration (around neck)
 z - an amulet of faith
 C - a +6 ring of dexterity (left hand)
Wands
 c - a wand of flame (4) (quivered)
 d - a wand of charming (15)
 e - a wand of iceblast (2)
 u - a wand of mindburst (9)
Scrolls
 f - 2 scrolls of torment {unknown}
 h - 2 scrolls of blinking {unknown}
 i - a scroll of immolation {unknown}
 j - 6 scrolls of identify {unknown}
 l - 3 scrolls of teleportation {unknown}
 r - a scroll of amnesia {unknown}
 s - a scroll of revelation {unknown}
 t - a scroll of enchant armour {unknown}
 B - a scroll of poison {unknown}
Potions
 g - 2 potions of curing {unknown}
 k - a potion of attraction {unknown}
 m - 2 potions of haste
 o - a potion of might {unknown}
 p - a potion of heal wounds {unknown}
 w - a potion of mutation {unknown}
 x - 2 potions of lignification {unknown}
 E - a potion of resistance {unknown}
 F - a potion of cancellation {unknown}
 G - 2 potions of degeneration {unknown}
 H - a potion of brilliance {unknown}
 J - 2 potions of magic {unknown}


   Skills:
 + Level 5.9 Fighting
 + Level 5.2 Short Blades
 + Level 5.2 Long Blades
 + Level 5.2 Axes
 + Level 5.2 Maces & Flails
 + Level 5.2 Polearms
 + Level 5.2 Staves
 + Level 5.2 Ranged Weapons
 + Level 5.2 Throwing
 + Level 7.0 Armour
 + Level 5.9 Dodging
 + Level 5.8 Stealth
 + Level 5.2 Shields
 + Level 5.2 Unarmed Combat
 + Level 5.2 Spellcasting
 + Level 4.3 Conjurations
 + Level 4.3 Hexes
 + Level 4.3 Summonings
 + Level 4.3 Necromancy
 + Level 4.3 Translocations
 + Level 4.3 Transmutations
 + Level 4.3 Fire Magic
 + Level 4.3 Ice Magic
 + Level 4.3 Air Magic
 + Level 4.3 Earth Magic
 + Level 4.3 Poison Magic
 + Level 5.7 Invocations
 + Level 8.5 Evocations
 + Level 4.3 Shapeshifting


You had 19 spell levels left.
You didn't know any spells.
Your spell library contained the following spells:

 Spells                   Type           Power      Damage    Failure   Level
 Sting                    Tmut/Pois      64%        1d6       99%         1
 Lesser Beckoning         Tloc           32%        N/A       100%        2
 Poisonous Vapours        Pois/Air       32%        N/A       100%        2
 Call Canine Familiar     Summ           16%        N/A       100%        3
 Dazzling Flash           Conj/Hex       32%        N/A       100%        3
 Gell's Gravitas          Tloc           16%        N/A       100%        3
 Mephitic Cloud           Conj/Pois/Air  16%        N/A       100%        3
 Portal Projectile        Hex/Tloc       32%        N/A       100%        3
 Teleport Other           Tloc           16%        N/A       100%        3
 Leda's Liquefaction      Hex/Erth       8%         N/A       100%        4
 Olgreb's Toxic Radiance  Pois           16%        N/A       100%        4
 Agony                    Necr           16%        N/A       100%        5
 Freezing Cloud           Conj/Ice/Air   8%         6-21      100%        5
 Silence                  Hex/Air        8%         N/A       100%        5


Dungeon Overview and Level Annotations

Branches:
Dungeon (8/15)             Temple (1/1) D:4
   Lair: D:8-11

Altars:
Ashenzari
Cheibriados
Dithmenos
Elyvilon
Fedhas
Gozag
Hepliaklqana
Kikubaaqudgha
Makhleb
Nemelex Xobeh
Okawaru
Qazlal
Ru
Trog
Uskayaw
Vehumet
Wu Jian
Xom
Yredelemnul
Zin
The Shining One

Shops:
D:1 (!*(   D:2 ![(   D:3 *   D:4 *   D:5 *   D:7 =

Annotations:
D:7 Amaemon


Innate Abilities, Weirdness & Mutations

Your life essence is reduced to manifest your ancestor. (-10% HP)
You have very sharp teeth.
Your uncanny sense of smell can sniff out nearby items.
Your experience applies equally to all skills.


Message History

You are more poisoned.
Amaemon claws you but does no damage.
Amaemon tail-slaps you but does no damage.
Lufti hits Amaemon with a +0 quarterstaff!!
You miss Amaemon. You bite Amaemon, but do no damage.
Amaemon is moderately wounded.
You feel extremely sick.
Amaemon hits you with a +0 demon whip of venom!
* * * LOW HITPOINT WARNING * * *
You are lethally poisoned!
Amaemon claws you but does no damage.
Amaemon tail-slaps you but does no damage.
Lufti barely misses Amaemon.
You are too injured to fight recklessly!
You are too injured to fight recklessly!
You are too injured to fight recklessly!
You are too injured to fight recklessly!
You are too injured to fight recklessly!
You are too injured to fight recklessly!
You are too injured to fight recklessly!
You are too injured to fight recklessly!
You are too injured to fight recklessly!
You hit Amaemon. Lufti avoids your attack.
Amaemon shudders.
Amaemon is moderately wounded.
Lufti avoids your attack.
Amaemon is moderately wounded.
* * * LOW HITPOINT WARNING * * *
You feel extremely sick. Amaemon hits you but does no damage.
You are more poisoned.
Amaemon claws you but does no damage.
Amaemon tail-slaps you but does no damage.
Lufti hits Amaemon with a +0 quarterstaff!
Amaemon hits you with a +0 demon whip of venom.
* * * LOW HITPOINT WARNING * * *
You are more poisoned.
Amaemon claws you but does no damage.
Amaemon tail-slaps you but does no damage.
It was a potion of haste.
You feel yourself speed up.
You die...

.....# #.#.##).#.#.####.#
#. ##...#
#.#.##[(..#......# #.
#..<###.#..)).)....##### #.
#..........##.#.##.#######
#.
##....##.........##.#.....#
##
....................#.....#
#
............#.##.##.......#
#
..........###.##6##.#.....#
# #.....###.#
#..R@##.#....(#######
#.###.....#
#.#####.########..... ..#
#..#### #.......# #.####
..###..# #.####### #.#
.......# ####.####
########.# .#...#.#
#.......# #........#
.#.#.#.# #.##.##.#
##.######## .#.#>#.#
#.##.##.###...#
.......###.##........#.#


You could see the friendly Lufti the battlemage and Amaemon (ally target).

Vanquished Creatures
  Pikel (D:6)
  A kobold demonologist (D:6)
  Grinder (D:6)
  Sigmund (D:4)
  2 water moccasins
  2 sky beasts (D:7)
  4 ice beasts
  6 ogres
  A black bear (D:3)
  A phantom (D:6)
  4 lemures (D:6)
  2 kobold brigands (D:6)
  A bullfrog (D:7)
  5 scorpions
  4 wights (D:7)
  5 orc priests
  2 gnoll boudas
  4 hounds
  3 sleepcaps
  3 iguanas
  2 orc wizards
  A hound zombie (D:3)
  5 gnolls (D:6)
  4 adders
  2 white imps
  2 ufetubi
  An adder skeleton (D:3)
  An adder zombie (D:3)
  A dart slug (D:4)
  28 orcs
  2 bats
  5 endoplasms
  5 giant cockroaches
  3 hobgoblins
  12 jackals
  6 quokkas
  6 ball pythons
  A ball python zombie (D:3)
  2 frilled lizards
  8 goblins
  A jackal skeleton (D:3)
  8 kobolds
  5 rats
164 creatures vanquished.

Vanquished Creatures (collateral kills)
  A sky beast (D:7)
  An ogre (D:6)
  An orc priest (D:7)
  2 orc wizards
  2 orcs
7 creatures vanquished.

Vanquished Creatures (others)
  A battlemage (D:8)
1 creature vanquished.

Grand Total: 172 creatures vanquished

Notes
Turn   | Place    | Note
-------+----------+-------------------------------------------
     0 | D:1      | cforsyth the Gnoll Artificer began the quest for the Orb.
     0 | D:1      | Reached XP level 1. HP: 17/17 MP: 1/1
   276 | D:1      | Found Nider's Distillery.
   351 | D:1      | Reached XP level 2. HP: 23/23 MP: 2/2
   395 | D:1      | Found Oklublie's Assorted Antiques.
   400 | D:1      | Bought a scroll labelled ADWUSE IQIONOA for 29 gold pieces
   400 | D:1      | Bought a scroll labelled IKLAKAI WUEGIU for 29 gold pieces
   410 | D:1      | Found Quteah's Antique Weapon Emporium.
   570 | D:1      | Found Gupityg's Weapon Boutique.
  1018 | D:2      | Found Asoak's Distillery.
  1068 | D:2      | Reached XP level 3. HP: 24/28 MP: 3/3
  1179 | D:2      | Found Miuwawoi's Armour Emporium.
  1558 | D:2      | Found Peshrosue's Weapon Shop.
  1561 | D:2      | Identified the +2 quarterstaff "Otaof" {vamp, *Noise rElec
                  | Will+ Dex+2}
  1657 | D:3      | Noticed a black bear
  1843 | D:3      | Found Bazeeg's Assorted Antiques.
  1853 | D:3      | Reached skill level 1 in Invocations
  1880 | D:3      | Reached skill level 1 in Short Blades
  1880 | D:3      | Reached skill level 1 in Long Blades
  1880 | D:3      | Reached skill level 1 in Axes
  1880 | D:3      | Reached skill level 1 in Maces & Flails
  1880 | D:3      | Reached skill level 1 in Polearms
  1880 | D:3      | Reached skill level 1 in Staves
  1880 | D:3      | Reached skill level 1 in Ranged Weapons
  1880 | D:3      | Reached skill level 1 in Throwing
  1880 | D:3      | Reached skill level 1 in Shields
  1880 | D:3      | Reached skill level 1 in Unarmed Combat
  1880 | D:3      | Reached skill level 1 in Spellcasting
  1906 | D:3      | Bought a scroll labelled ZIGU OL MEMIGG for 27 gold pieces
  1906 | D:3      | Bought a scroll labelled OSOUCO JIMUCOI for 27 gold pieces
  1906 | D:3      | Bought a scroll labelled ZOFAUC ROSKO for 27 gold pieces
  1923 | D:3      | Reached XP level 4. HP: 32/34 MP: 5/5
  1929 | D:3      | Reached skill level 1 in Conjurations
  1929 | D:3      | Reached skill level 1 in Hexes
  1929 | D:3      | Reached skill level 1 in Summonings
  1929 | D:3      | Reached skill level 1 in Necromancy
  1929 | D:3      | Reached skill level 1 in Translocations
  1929 | D:3      | Reached skill level 1 in Transmutations
  1929 | D:3      | Reached skill level 1 in Fire Magic
  1929 | D:3      | Reached skill level 1 in Ice Magic
  1929 | D:3      | Reached skill level 1 in Air Magic
  1929 | D:3      | Reached skill level 1 in Earth Magic
  1929 | D:3      | Reached skill level 1 in Poison Magic
  1929 | D:3      | Reached skill level 1 in Shapeshifting
  1929 | D:3      | Reached XP level 5. HP: 11/40 MP: 5/7
  2382 | D:3      | Killed a black bear
  2499 | D:3      | Found a basalt altar of Yredelemnul.
  2646 | D:3      | Reached XP level 6. HP: 47/47 MP: 8/8
  3072 | D:4      | Found a staircase to the Ecumenical Temple.
  3306 | D:4      | Reached skill level 5 in Armour
  3330 | Temple   | Entered the Ecumenical Temple
  3344 | D:4      | Found a white marble altar of Elyvilon.
  3344 | D:4      | Noticed Sigmund
  3350 | D:4      | Killed Sigmund
  3351 | D:4      | Reached skill level 7 in Evocations
  3351 | D:4      | Reached XP level 7. HP: 49/52 MP: 10/10
  3385 | D:4      | Found a hazy altar of Hepliaklqana.
  3386 | D:4      | Found a blossoming altar of Fedhas.
  3393 | D:4      | Became a worshipper of Hepliaklqana the Forgotten
  3491 | D:4      | Found a stormy altar of Qazlal.
  3616 | D:4      | Found Toffop's CLEARANCE SALE!.
  4030 | D:5      | Entered Level 5 of the Dungeon
  4206 | D:5      | Reached XP level 8. HP: 52/60 MP: 12/12
  4247 | D:5      | Found the +6 shillelagh "Devastator" {shatter}
  4586 | D:5      | Reached XP level 9. HP: 66/66 MP: 14/14
  4817 | D:5      | Found Ubum's General Store.
  5052 | D:6      | Noticed a kobold demonologist
  5061 | D:6      | Killed a kobold demonologist
  5062 | D:6      | Reached skill level 5 in Fighting
  5062 | D:6      | Reached skill level 5 in Dodging
  5195 | D:6      | Reached * piety under Hepliaklqana
  5353 | D:6      | Reached skill level 5 in Stealth
  5457 | D:6      | Noticed Pikel
  5458 | D:6      | Noticed Grinder
  5466 | D:6      | Killed Pikel
  5467 | D:6      | Reached skill level 5 in Invocations
  5467 | D:6      | Reached skill level 8 in Evocations
  5471 | D:6      | Killed Grinder
  5864 | D:7      | Reached XP level 10. HP: 58/67 MP: 17/17
  6002 | D:7      | Reached skill level 5 in Short Blades
  6002 | D:7      | Reached skill level 5 in Long Blades
  6002 | D:7      | Reached skill level 5 in Axes
  6002 | D:7      | Reached skill level 5 in Maces & Flails
  6002 | D:7      | Reached skill level 5 in Polearms
  6002 | D:7      | Reached skill level 5 in Staves
  6002 | D:7      | Reached skill level 5 in Ranged Weapons
  6002 | D:7      | Reached skill level 5 in Throwing
  6002 | D:7      | Reached skill level 5 in Shields
  6002 | D:7      | Reached skill level 5 in Unarmed Combat
  6002 | D:7      | Reached skill level 5 in Spellcasting
  6580 | D:7      | Reached ** piety under Hepliaklqana
  6581 | D:7      | Remembered your ancestor Lufti as a battlemage
  6592 | D:7      | Found Kucram's Jewellery Shoppe.
  6732 | D:8      | Noticed an orange demon
  6733 | D:8      | Noticed Amaemon
  6900 | D:7      | Succumbed to Amaemon's poison

Illustrated notes

Levels and vault maps discovered:
D:1:      dpeg_arrival_central, layout_rooms, serial_shops,
          nicolae_shop_bloodbath_and_beyond, nicolae_shop_advertising_works
          [nicolae_subvault_shop_adworks], shop,
          nicolae_shop_pleasant_corner_grove
D:2:      layout_loops_ring, serial_shops, shop,
          nicolae_shop_just_a_little_nook, shop
D:3:      layout_loops_ring, lemuel_crystal_altar, serial_shops, shop,
          serial_undead, serial_undead_a, serial_undead_c, serial_undead_e,
          serial_undead_b
D:4:      layout_basic, nicolae_qazlal_general_emergency,
          gammafunk_temple_overflow_forgotten, minmay_temple_entry_butterflies,
          st_stairs_2, nicolae_shop_clearance, uniq_sigmund
D:5:      layout_rooms, nicolae_stop_n_shop_1, st_stairs_6,
          dilly_guarded_unrand_devastator
D:6:      layout_gridville, uniq_pikel, uniq_grinder
D:7:      layout_loops_cross, serial_shops, shop_statue
D:8:      layout_basic, mainiacjoe_overflow_small_starburst, minmay_radiant,
          uniq_amaemon
Temple:   eino_temple_rhombus

Skill      XL: |  1  2  3  4  5  6  7  8  9 10 |
---------------+-------------------------------+-----
Invocations    | 1 2 3 4 5 |  5.7
Short Blades   | 1 2 3 4 5 |  5.2
Long Blades    | 1 2 3 4 5 |  5.2
Axes           | 1 2 3 4 5 |  5.2
Maces & Flails | 1 2 3 4 5 |  5.2
Polearms       | 1 2 3 4 5 |  5.2
Staves         | 1 2 3 4 5 |  5.2
Ranged Weapons | 1 2 3 4 5 |  5.2
Throwing       | 1 2 3 4 5 |  5.2
Shields        | 1 2 3 4 5 |  5.2
Unarmed Combat | 1 2 3 4 5 |  5.2
Spellcasting   | 1 2 3 4 5 |  5.2
Conjurations   | 1 2 3 4 |  4.3
Hexes          | 1 2 3 4 |  4.3
Summonings     | 1 2 3 4 |  4.3
Necromancy     | 1 2 3 4 |  4.3
Translocations | 1 2 3 4 |  4.3
Transmutations | 1 2 3 4 |  4.3
Fire Magic     | 1 2 3 4 |  4.3
Ice Magic      | 1 2 3 4 |  4.3
Air Magic      | 1 2 3 4 |  4.3
Earth Magic    | 1 2 3 4 |  4.3
Poison Magic   | 1 2 3 4 |  4.3
Shapeshifting  | 1 2 3 4 |  4.3
Fighting       | 3 4 5 |  5.9
Dodging        | 3 4 5 |  5.9
Stealth        | 3 4 5 |  5.8
Armour         | 5 6 7 |  7.0
Evocations     | 7 8 |  8.5

Action                     |  1- 3 |  4- 6 |  7- 9 | 10-12 || total
---------------------------+-------+-------+-------+-------++-------
  Melee: Club              |   147 |       |       |       ||   147
         Bite              |    11 |     2 |    16 |     8 ||    37
         Quarterstaff      |    30 |    44 |    85 |       ||   159
         Shillelagh        |       |       |    94 |    56 ||   150
         Punch             |       |       |     5 |     1 ||     6
 Invoke: Ancestor Life: Ba |       |       |       |     1 ||     1
  Evoke: Wand              |       |     8 |     6 |       ||    14
    Use: Potion            |       |       |       |     1 ||     1
   Stab: Distracted        |     1 |       |       |     1 ||     2
         Sleeping          |     1 |       |       |       ||     1
 Armour: Leather armour    |    53 |     7 |     6 |       ||    66
         Chain mail        |       |       |   102 |       ||   102
         Plate armour      |       |       |    11 |    36 ||    47
  Dodge: Dodged            |   132 |    22 |    93 |     9 ||   256

Table legend: (Time is in decaauts)
 A = Elapsed time spent in this place.
 B = Non-inter-level travel time spent in this place.
 C = Inter-level travel time spent in this place.
 D = Time resting spent in this place.
 E = Time spent auto-exploring this place.
 F = Levels seen in this place.
 G = Mean time per level.
                   A        B        C        D        E       F      G
               +--------+--------+--------+--------+--------+-----+--------+
         Total |   6992 |   6817 |    175 |   1196 |   4375 |   9 |  776.9 |
       Dungeon |   6990 |   6815 |    175 |   1196 |   4375 |   8 |  873.8 |
        Temple |      1 |      1 |      0 |      0 |      0 |   1 |    1.0 |
               +--------+--------+--------+--------+--------+-----+--------+

Top non-repeatable levels by time:
     D:2: 1209 daAuts
     D:4: 1143 daAuts
     D:3: 1049 daAuts
     D:7: 1014 daAuts
     D:1: 966 daAuts
     D:6: 855 daAuts
     D:5: 719 daAuts
     D:8: 31 daAuts
  Temple: 1 daAuts
